 Dungeon Crawl Stone Soup version 0.31.0-32-g396128a36d (webtiles) character file.

Game seed: 12710960981187732601

2312 gohu the Thaumaturge (level 9, 0/59 HPs)
             Began as a Djinni Fire Elementalist on Mar 8, 2024.
             Was a Follower of Makhleb.
             Slain by a wight
             ... wielding a +3 long sword
              (10 damage)
             ... on level 6 of the Dungeon.
             The game lasted 00:12:21 (6162 turns).

gohu the Thaumaturge (Djinni Fire Elementalist)     Turns: 6162, Time: 00:12:21

Health: 0/59       AC:  2    Str:  7    XL:     9   Next: 68%
Gold:   278        EV: 13    Int: 34    God:    Makhleb [*.....] SH:  0 Dex: 13

rFire   + + .        (no weapon)
rCold   x . .        (no shield)
rNeg    . . .        a - +0 robe
rPois   ∞            (no helmet)
rElec   .            (no cloak)
rCorr   .            (no gloves)
SInv    .            (boots unavailable)
Will    .....        (no amulet)
Stlth   ++           b - +6 ring of intelligence
HPRegen 0.29/turn    c - +6 ring of intelligence
MPRegen 0.00/turn

%: infuse magic (-1 HP)
@: flying
A: sickness immunity, fire resistance 2, cold vulnerability 1, float, innate
caster, HP casting, extra vitality 1
a: Renounce Religion


You were on level 6 of the Dungeon.
You worshipped Makhleb.
Makhleb was aware of your devotion.
You visited 2 branches of the dungeon, and saw 7 of its levels.

You collected 438 gold pieces.
You spent 160 gold pieces at shops.

Inventory:

Hand Weapons
 s - a +2 dagger of venom
Armour
 a - a +0 robe (worn)
Magical Staves
 u - a staff of alchemy
Jewellery
 b - a +6 ring of intelligence (left hand)
 c - a +6 ring of intelligence (right hand)
 h - a +5 ring of evasion
 l - a ring of see invisible
Scrolls
 d - 2 scrolls of poison {unknown}
 f - a scroll of blinking
 g - a scroll of fear
 i - 4 scrolls of fog {unknown}
 j - 3 scrolls of immolation
 k - a scroll of noise
 m - 6 scrolls of teleportation {unknown}
 n - a scroll of enchant weapon
 v - 2 scrolls of amnesia
 x - a scroll of revelation
Potions
 o - a potion of curing
 p - a potion of heal wounds
 q - a potion of mutation
 r - 2 potions of haste {unknown}
 t - a potion of brilliance {unknown}
 w - a potion of resistance {unknown}
 z - a potion of attraction {unknown}


   Skills:
 + Level 2.8 Fighting
 + Level 2.8 Armour
 + Level 4.0 Dodging
 - Level 1.5 Stealth
 * Level 8.9 Spellcasting
 * Level 8.9 Conjurations
 * Level 8.9 Hexes
   Level 0.0 Charms
 * Level 8.9 Summonings
 * Level 8.9 Necromancy
 * Level 8.9 Translocations
   Level 0.0 Transmutations
 * Level 8.9 Fire Magic
 * Level 8.9 Ice Magic
 * Level 8.9 Air Magic
 * Level 8.9 Earth Magic
 * Level 8.9 Alchemy
 + Level 2.8 Invocations


You knew the following spells:

 Your Spells              Type           Power      Damage    Failure   Level
a - Foxfire               Conj/Fire      100%       2x1d9     1%          1
b - Scorch                Fire           100%       2d9       1%          2
c - Flame Wave            Conj/Fire      66%        2d15      1%          4
d - Volatile Blastmotes   Fire/Tloc      100%       2d18      1%          3
e - Inner Flame           Hex/Fire       66%        N/A       1%          3
f - Kiss of Death         Conj/Necr      100%       2d13      1%          1
g - Mercury Vapours       Alch/Air       100%       N/A       1%          2
h - Fugue of the Fallen   Necr           66%        N/A       1%          3
i - Animate Armour        Summ/Erth      100%       N/A       1%          4
Your spell library was empty.

Dungeon Overview and Level Annotations

Branches:
Dungeon (6/15)             Temple (1/1) D:4

Altars:
Dithmenos
Elyvilon
Fedhas
Gozag
Hepliaklqana
Makhleb
Nemelex Xobeh
Okawaru
Qazlal
Ru
Trog
Uskayaw
Wu Jian
Yredelemnul
The Shining One

Shops:
D:3 !

Annotations:
D:3 2 runed translucent doors, m76s's ghost, amateur GrFi


Innate Abilities, Weirdness & Mutations

You are immune to sickness and miasma.
You are immune to poison.
Your flesh is very heat resistant. (rF++)
You are vulnerable to cold. (rC-)
You float through the air rather than walking.
You learn spells naturally, not from books.
Your magical power is your life essence.
You have superior vitality. (+4 MHP)


Message History

A wight comes into view.
It is wielding a +0 dagger and wearing the +0 scale mail of Diedunaoxe {rPois Str-3 Dex+6 SInv}.
Casting: Volatile Blastmotes (safe; 1% risk of failure)
Confirm with . or Enter, or press ? or * to list all spells.
A cloud of volatile blastmotes flares up around you!
Run!
A black bear comes into view.
A wight comes into view. It is wielding a +3 long sword.
Casting: Volatile Blastmotes (safe; 1% risk of failure)
Confirm with . or Enter, or press ? or * to list all spells.
You can't see any susceptible monsters within range! (Use Z to cast anyway.)
Casting: Volatile Blastmotes (safe; 1% risk of failure)
Confirm with . or Enter, or press ? or * to list all spells.
Casting: Flame Wave (dangerous; 1% risk of failure)
Press: ? - help, Dir - look around, f - activate A wave of flame ripples out!
The flame wave engulfs the black bear!
The black bear is moderately wounded. (Press . to intensify the flame waves.)
You hear an angry hiss. x2
The black bear barely misses you. x2; The black bear claws you.
The wight throws a stone.
The stone hits you.
A wave of flame ripples out!
The flame wave engulfs the black bear!
The black bear is severely wounded.
* * * LOW HITPOINT WARNING * * *
You hear a shout!
The black bear misses you. The black bear claws you.
* * * LOW HITPOINT WARNING * * *
The black bear claws you.
* * * LOW HITPOINT WARNING * * *
An iguana comes into view.
The wight throws a stone.
The stone hits you.
* * * LOW HITPOINT WARNING * * *
A wave of flame ripples out!
The flame wave engulfs the black bear!
You kill the black bear!
Makhleb accepts your kill. x2
You feel better.
You feel a bit more experienced.
* * * LOW HITPOINT WARNING * * *
You finish channelling waves of flame.
Your Dodging skill increases to level 4!
An adder comes into view.
The wight hits you with a +3 long sword!
You die...

.....#'#.#___.PP#
.......#.#.....÷#
.......#.#_.._._#
.....(.#.#..÷...#
#......##'....PP# #
##########..÷...###### #.#
###### #########.)[#....
.....#############.#...S...#
####....))†.$..)@....l.#....
# #...##########z...#......
# ###.# .........#.##### #
#.# .........#...
######.##..........#..##
........'..........#...
######.##.........## ... #.#
........# ..# #.# ........#


You could see an iguana, a wight and an adder.

Vanquished Creatures
  A slime creature (D:6)
  A steam dragon (D:5)
  An ice beast (D:6)
  An ogre (D:4)
  2 sky beasts (D:6)
  3 black bears (D:6)
  3 centaurs
  A phantom (D:4)
  3 kobold brigands (D:6)
  2 scorpions
  4 wights (D:6)
  A bombardier beetle (D:3)
  2 hounds
  6 jellies
  2 iguanas
  8 adders
  3 shadow imps
  3 dart slugs
  5 ribbon worms
  14 orcs
  12 endoplasms
  3 giant cockroaches
  6 goblins
  6 hobgoblins
  4 jackals (D:3)
  8 kobolds
  5 quokkas
  8 ball pythons
  7 bats
  4 frilled lizards
  2 rats (D:1)
131 creatures vanquished.

Vanquished Creatures (collateral kills)
  3 foxfires
3 creatures vanquished.

Vanquished Creatures (others)
  277 foxfires
277 creatures vanquished.

Grand Total: 411 creatures vanquished

Notes
Turn   | Place    | Note
-------+----------+-------------------------------------------
     0 | D:1      | gohu the Djinni Fire Elementalist began the quest for the
                  | Orb.
     0 | D:1      | gohu set off with the following spells memorised: Foxfire,
                  | Scorch, Volatile Blastmotes, Inner Flame, Flame Wave.
     0 | D:1      | Reached XP level 1. HP: 15/15 MP: 0/0
    91 | D:1      | Reached XP level 2. HP: 19/21 MP: 0/0
   453 | D:1      | You are sucked into a shaft and drop 1 floor!
   574 | D:1      | Reached XP level 3. HP: 24/25 MP: 0/0
   574 | D:1      | Learned a level 1 spell: Kiss of Death
  1521 | D:2      | Reached XP level 4. HP: 31/31 MP: 0/0
  2426 | D:3      | Found a sacrificial altar of Ru.
  2496 | D:3      | Found Ytam's Distillery.
  2503 | D:3      | Bought a potion of curing for 30 gold pieces
  2503 | D:3      | Bought a potion of heal wounds for 50 gold pieces
  2503 | D:3      | Bought a potion of mutation for 80 gold pieces
  2595 | D:3      | Found a hazy altar of Hepliaklqana.
  2653 | D:3      | Reached XP level 5. HP: 34/35 MP: 0/0
  2653 | D:3      | Learned a level 2 spell: Mercury Vapours
  2863 | D:3      | Reached skill level 5 in Spellcasting
  2863 | D:3      | Reached skill level 5 in Conjurations
  2863 | D:3      | Reached skill level 5 in Hexes
  2863 | D:3      | Reached skill level 5 in Summonings
  2863 | D:3      | Reached skill level 5 in Necromancy
  2863 | D:3      | Reached skill level 5 in Translocations
  2863 | D:3      | Reached skill level 5 in Fire Magic
  2863 | D:3      | Reached skill level 5 in Ice Magic
  2863 | D:3      | Reached skill level 5 in Air Magic
  2863 | D:3      | Reached skill level 5 in Earth Magic
  2863 | D:3      | Reached skill level 5 in Alchemy
  3056 | D:3      | Found a large runed translucent door.
  3056 | D:3      | Found a large runed translucent door.
  3059 | D:3      | Noticed m76s's ghost (amateur GrFi)
  3440 | D:4      | Found an opulent altar of Gozag.
  3516 | D:4      | Reached XP level 6. HP: 20/40 MP: 0/0
  3661 | D:4      | Noticed an ogre
  3665 | D:4      | Killed an ogre
  3724 | D:4      | Found a basalt altar of Yredelemnul.
  3757 | D:4      | Reached XP level 7. HP: 30/45 MP: 0/0
  3757 | D:4      | Learned a level 3 spell: Fugue of the Fallen
  4182 | D:4      | Found a staircase to the Ecumenical Temple.
  4190 | Temple   | Entered the Ecumenical Temple
  4197 | Temple   | Became a worshipper of Makhleb the Destroyer
  4530 | D:5      | Entered Level 5 of the Dungeon
  4994 | D:5      | Reached XP level 8. HP: 35/50 MP: 0/0
  5049 | D:5      | Found an ornate altar of the Wu Jian Council.
  5445 | D:6      | Reached * piety under Makhleb
  5709 | D:6      | Reached skill level 1 in Fighting
  5709 | D:6      | Reached skill level 1 in Armour
  5709 | D:6      | Reached skill level 1 in Invocations
  5772 | D:6      | Found an opulent altar of Gozag.
  5772 | D:6      | Found a shadowy altar of Dithmenos.
  5772 | D:6      | Found a sparkling altar of Nemelex Xobeh.
  5772 | D:6      | Noticed a slime creature
  5777 | D:6      | Reached XP level 9. HP: 54/57 MP: 0/0
  5777 | D:6      | Learned a level 4 spell: Animate Armour
  6151 | D:6      | Identified the +0 scale mail of Diedunaoxe {rPois Str-3
                  | Dex+6 SInv}
  6162 | D:6      | Slain by a wight

Illustrated notes

Levels and vault maps discovered:
D:1:      heliophobic_arrival_enchanted_forest, layout_basic,
          grunt_decor_fettered, nicolae_concentric_dashed_squares_wild
D:2:      layout_basic, basic_altar, minmay_surrounded
D:3:      layout_loops_corners, nicolae_hepliaklqana_hazy_memory,
          nicolae_ru_sacrificial_ziggurat, serial_shops,
          nicolae_shop_rolling_square, ebering_ghost_disaster_area
D:4:      layout_loops_ring, grunt_gozag_statues,
          nicolae_overflow_crystal_walls, minmay_temple_entry_mist,
          grunt_decor_cap, chequers_avenue, kennysheep_generic_room_2
D:5:      layout_gridville, nzn_wu_jian_contemplation
D:6:      cheibrodos_fertilizer, layout_basic,
          mainiacjoe_overflow_small_starburst
Temple:   nicolae_temple_cloud_nine

Skill      XL: |  1  2  3  4  5  6  7  8  9 |
---------------+----------------------------+-----
Spellcasting   | 4 5 6 7 8 |  8.9
Conjurations   | 4 5 6 7 8 |  8.9
Hexes          | 4 5 6 7 8 |  8.9
Summonings     | 4 5 6 7 8 |  8.9
Necromancy     | 4 5 6 7 8 |  8.9
Translocations | 4 5 6 7 8 |  8.9
Fire Magic     | 4 5 6 7 8 |  8.9
Ice Magic      | 4 5 6 7 8 |  8.9
Air Magic      | 4 5 6 7 8 |  8.9
Earth Magic    | 4 5 6 7 8 |  8.9
Alchemy        | 4 5 6 7 8 |  8.9
Fighting       | 1 2 |  2.8
Armour         | 1 2 |  2.8
Invocations    | 1 2 |  2.8
Dodging        | 4 |  4.0
Stealth        | |  1.5

Action                     |  1- 3 |  4- 6 |  7- 9 || total
---------------------------+-------+-------+-------++-------
   Cast: Foxfire           |    67 |    47 |    52 ||   166
         Scorch            |     2 |    23 |    16 ||    41
         Flame Wave        |       |     4 |    12 ||    16
         Volatile Blastmot |       |       |     6 ||     6
    Use: Scroll            |       |       |     7 ||     7
 Armour: Robe              |     2 |    14 |    34 ||    50
  Dodge: Dodged            |    10 |    18 |    31 ||    59
